 Dungeon Crawl Stone Soup version 0.21.1-1-g345015f (webtiles) character file.

110 Fang the Skirmisher (level 4, -3/30 HPs)
             Began as a Gargoyle Berserker on June 1, 2018.
             Was a Believer of Trog.
             Slain by a phantom (8 damage)
             ... on level 4 of the Dungeon.
             The game lasted 00:03:14 (3163 turns).

Fang the Skirmisher (Gargoyle Berserker)            Turns: 3163, Time: 00:03:15

Health: -3/30      AC:  5    Str: 21    XL:     4   Next: 91%
Magic:  4/4        EV: 12    Int:  8    God:    Trog [**....]
Gold:   147        SH:  0    Dex:  9    Spells: 3/3 levels left

rFire    . . .     SeeInvis +   a - +0 hand axe
rCold    . . .     Gourm    .   (no shield)
rNeg     + . .     Faith    .   b - +0 animal skin
rPois    ∞         Spirit   .   (no helmet)
rElec    +         Reflect  .   (no cloak)
rCorr    .         Harm     .   (no gloves)
MR       .....                  (no boots)
Stlth    ..........             (no amulet)
HPRegen  0.10/turn              h - ring of see invisible
MPRegen  0.09/turn              o - ring of loudness (curse)

@: no status effects
A: negative energy resistance 1, electricity resistance, unbreathing,
petrification resistance, rot immunity, AC +3
a: Berserk, Trog's Hand, Burn Spellbooks, Renounce Religion


You were on level 4 of the Dungeon.
You worshipped Trog.
Trog was pleased with you.
You were not hungry.

You visited 1 branch of the dungeon, and saw 4 of its levels.

You collected 147 gold pieces.

Inventory:

Hand Weapons
 a - a +0 hand axe (weapon)
Armour
 b - a +0 animal skin (worn)
Jewellery
 h - a ring of see invisible (left hand)
 n - an uncursed ring of protection from magic
 o - a cursed ring of loudness (right hand)
Scrolls
 d - 5 scrolls of identify {unknown}
 f - a scroll of immolation {unknown}
 i - a scroll of enchant armour {unknown}
 k - 3 scrolls of teleportation {unknown}
 m - 2 scrolls of amnesia {unknown}
 q - a scroll of remove curse {unknown}
Potions
 e - a potion of curing {unknown}
 g - a potion of flight {unknown}
 j - 2 potions of haste {unknown}
 l - 2 potions of magic {unknown}
 p - a potion of mutation {unknown}
 r - a potion of brilliance {unknown}
Comestibles
 c - 4 rations


   Skills:
 + Level 4.3 Fighting
 + Level 3.6 Axes
 + Level 2.4 Armour
 + Level 2.3 Dodging
 + Level 0.4 Stealth


You had 3 spell levels left.
You didn't know any spells.

Dungeon Overview and Level Annotations

Branches:
Dungeon (4/15)
 Temple: D:4-7

Altars:


Innate Abilities, Weirdness & Mutations

You are resistant to torment.
Your stone body is resilient. (AC +3)
You are immune to poison.
You resist negative energy. (rN+)
You are resistant to electric shocks. (rElec)
You can survive without breathing.
You are immune to petrification.
You are immune to rotting.


Message History

The phantom blinks!
The phantom hits you.
The phantom blinks!
You hit the phantom.
The phantom is almost destroyed.
The phantom barely misses you.
The phantom blinks!
The phantom hits you.
* * * LOW HITPOINT WARNING * * *
You hit the phantom but do no damage.
The phantom is almost destroyed.
The phantom hits you but does no damage.
The phantom hits you.
* * * LOW HITPOINT WARNING * * *
You hit the phantom.
The phantom is almost destroyed.
The phantom blinks!
The phantom blinks!
The phantom blinks!
The phantom hits you!
You die...

#..................#
#.#########.........
#.# #.#....... #.#
#.#.....#.
#.#########.#.......
#.#............#####
#.#.................
#.#.................
#.#@...........###..
#..W.>...........+ .
##.............###
#..............#
#..............#
#.#'####..[....##.
#.#.# #..........
#.#.##########.###
#.#..........#.#


You could see a phantom.

Vanquished Creatures
  2 adders (D:2)
  3 gnolls (D:2)
  2 worms
  A leopard gecko (D:1)
  2 orcs (D:3)
  6 giant cockroaches
  2 goblins
  6 hobgoblins
  8 jackals
  A quokka (D:2)
  6 bats
  3 frilled lizards
  6 kobolds
  A leopard gecko skeleton (D:4)
  3 rats
52 creatures vanquished.

Notes
Turn   | Place    | Note
-------+----------+-------------------------------------------
     0 | D:1      | Fang the Gargoyle Berserker began the quest for the Orb.
     0 | D:1      | Reached XP level 1. HP: 14/14 MP: 1/1
   104 | D:1      | HP: 1/21 [leopard gecko (3)]
   625 | D:1      | Reached XP level 2. HP: 19/19 MP: 2/2
  1148 | D:2      | Reached XP level 3. HP: 15/24 MP: 3/3
  1385 | D:2      | Reached skill level 4 in Fighting
  1941 | D:2      | Reached XP level 4. HP: 29/29 MP: 4/4
  1946 | D:2      | Reached ** piety under Trog
  3077 | D:4      | Noticed a phantom
  3163 | D:4      | Slain by a phantom

Skill      XL: |  1  2  3 |
---------------+----------+-----
Axes           | 3 |  3.6
Fighting       | 4 |  4.3
Dodging        | 2 |  2.3
Armour         | |  2.4
Stealth        | |  0.4

Action                   |  1- 3 |  4- 6 || total
-------------------------+-------+-------++-------
Melee: Hand axe          |   100 |    84 ||   184
Invok: Berserk           |     3 |     1 ||     4
  Eat: Chunk             |     2 |     3 ||     5
       Ration            |     1 |     1 ||     2
Armor: Animal skin       |    32 |    31 ||    63
Dodge: Dodged            |    67 |    53 ||   120
